SL
NASHVILLE OUTLAWS @ SEATTLE AVIATORS
07/21/2034
 
TOP OF THE 1ST
Nashville Outlaws batting - Pitching for Seattle Aviators : LHP Wes Hamm
Pitching: LHP Wes Hamm
Batting: RHB Elia Amberezzio 0-0: SINGLE (Line Drive, 4MD)
Batting: RHB Orlando Reyes 0-0: Called Strike
0-1: Ball
1-1: Foul Ball, location: 2F
1-2: Strikes out swinging
Batting: LHB Mario Ramos 0-0: Ball
1-0: Ball
Elia Amberezzio steals 2nd base
2-0: Called Strike
2-1: SINGLE (Flyball, 78S)
Elia Amberezzio to third
Runner from 3rd tries for Home, SAFE, throw made home
Mario Ramos to second
Batting: RHB Arnold Giroux 0-0: Called Strike
0-1: Foul Ball, location: 2F
0-2: Ball
1-2: Ground out 5-3 (Groundball, 56S)
Mario Ramos to third
Batting: RHB Scott Donlan 0-0: Foul Ball, location: 2F
0-1: Ground out 6-3 (Groundball, 6S)
Top of the 1st over - 1 run, 2 hits, 0 errors, 1 left on base; Nashville 1 - Seattle 0
BOTTOM OF THE 1ST
Seattle Aviators batting - Pitching for Nashville Outlaws : RHP Ramón Molina
Pitching: RHP Ramón Molina
Batting: SHB Nuygen Vuong 0-0: Ball
1-0: Called Strike
1-1: Foul Ball, location: 2F
1-2: Fly out, F4 (Line Drive, 4)
Batting: SHB Paul Wite 0-0: Foul Ball, location: 2F
0-1: Called Strike
0-2: Foul Ball, location: 2F
0-2: SINGLE (Groundball, 3S) (infield hit)
Batting: LHB Kenny Webster 0-0: Called Strike
0-1: Foul Ball, location: 2F
0-2: Grounds out, U3 (Groundball, 3L)
Batting: RHB Arlen Joysey 0-0: Called Strike
0-1: DOUBLE (Line Drive, 7LM)
Paul Wite scores
Batting: LHB Yataro Kodo 0-0: Called Strike
0-1: Ball
1-1: Fly out, F5 (Popup, 56)
Bottom of the 1st over - 1 run, 2 hits, 0 errors, 1 left on base; Nashville 1 - Seattle 1
TOP OF THE 2ND
Nashville Outlaws batting - Pitching for Seattle Aviators : LHP Wes Hamm
Batting: LHB Bora Garasanin 0-0: Foul Ball, location: 2F
0-1: Ball
1-1: Called Strike
1-2: Ball
2-2: Ground out 6-3 (Groundball, 4M)
Batting: LHB Nathan Tanner 0-0: Swinging Strike
0-1: Foul Ball, location: 2F
0-2: Strikes out swinging
Batting: RHB Greg Schiff 0-0: Called Strike
0-1: Ball
1-1: DOUBLE (Line Drive, 7D)
Batting: LHB Juan Caro 0-0: Called Strike
0-1: Called Strike
0-2: Ball
1-2: Strikes out swinging
Top of the 2nd over - 0 runs, 1 hit, 0 errors, 1 left on base; Nashville 1 - Seattle 1
BOTTOM OF THE 2ND
Seattle Aviators batting - Pitching for Nashville Outlaws : RHP Ramón Molina
Batting: RHB Albert Zamudio 0-0: Swinging Strike
0-1: Ball
1-1: Ball
2-1: Foul Ball, location: 2F
2-2: Strikes out looking
Batting: RHB Walt Miller 0-0: Ball
1-0: Swinging Strike
1-1: Swinging Strike
1-2: Ball
2-2: Ground out 6-3 (Groundball, 6)
Batting: LHB Pedro Corona 0-0: Ball
1-0: Foul Ball, location: 2F
1-1: Ball
2-1: Ball
3-1: Called Strike
3-2: Strikes out swinging
Bottom of the 2nd over - 0 runs, 0 hits, 0 errors, 0 left on base; Nashville 1 - Seattle 1
TOP OF THE 3RD
Nashville Outlaws batting - Pitching for Seattle Aviators : LHP Wes Hamm
Batting: RHB Elia Amberezzio 0-0: Swinging Strike
0-1: Foul Ball, location: 2F
0-2: Strikes out looking
Batting: RHB Orlando Reyes 0-0: Called Strike
0-1: Ball
1-1: Ball
2-1: Fly out, F9 (Flyball, 9S)
Batting: LHB Mario Ramos 0-0: Hit by Pitch
Batting: RHB Arnold Giroux 0-0: Ball
1-0: Ground out 6-3 (Groundball, 56D)
Top of the 3rd over - 0 runs, 0 hits, 0 errors, 1 left on base; Nashville 1 - Seattle 1
BOTTOM OF THE 3RD
Seattle Aviators batting - Pitching for Nashville Outlaws : RHP Ramón Molina
Batting: LHB Del Truscott 0-0: Ball
1-0: Fly out, F7 (Flyball, 7S)
Batting: SHB Nuygen Vuong 0-0: Ground out 4-3 (Groundball, 34D)
Batting: SHB Paul Wite 0-0: Ball
1-0: Foul Ball, location: 2F
1-1: Fly out, F7 (Flyball, 7)
Bottom of the 3rd over - 0 runs, 0 hits, 0 errors, 0 left on base; Nashville 1 - Seattle 1
TOP OF THE 4TH
Nashville Outlaws batting - Pitching for Seattle Aviators : LHP Wes Hamm
Batting: RHB Scott Donlan 0-0: Ground out 4-3 (Groundball, 4)
Batting: LHB Bora Garasanin 0-0: Ball
1-0: Ball
2-0: Ball
3-0: Fly out, F9 (Flyball, 9D)
Batting: LHB Nathan Tanner 0-0: Called Strike
0-1: Called Strike
0-2: Ball
1-2: Strikes out looking
Top of the 4th over - 0 runs, 0 hits, 0 errors, 0 left on base; Nashville 1 - Seattle 1
BOTTOM OF THE 4TH
Seattle Aviators batting - Pitching for Nashville Outlaws : RHP Ramón Molina
Batting: LHB Kenny Webster 0-0: Ball
1-0: Fly out, F5 (Popup, 56)
Batting: RHB Arlen Joysey 0-0: Foul Ball, location: 2F
0-1: Called Strike
0-2: Fly out, F8 (Flyball, 89M)
Batting: LHB Yataro Kodo 0-0: Ball
1-0: Foul Ball, location: 2F
1-1: Fly out, F8 (Line Drive, 8LXD)
Bottom of the 4th over - 0 runs, 0 hits, 0 errors, 0 left on base; Nashville 1 - Seattle 1
TOP OF THE 5TH
Nashville Outlaws batting - Pitching for Seattle Aviators : LHP Wes Hamm
Batting: RHB Greg Schiff 0-0: DOUBLE (Flyball, 7LD)
Batting: LHB Juan Caro 0-0: Called Strike
0-1: Ball
1-1: Ground out U3 (Groundball, 34)
Greg Schiff to third
Batting: RHB Elia Amberezzio 0-0: Ball
1-0: Foul Ball, location: 2F
1-1: Ball
2-1: Ball
3-1: SINGLE (Groundball, 6MD)
Greg Schiff scores
Batting: RHB Orlando Reyes 0-0: Called Strike
0-1: Fielders Choice at 2nd, 6-4 (Groundball, 6)
Batting: LHB Mario Ramos 0-0: Foul Ball, location: 2F
0-1: Called Strike
0-2: Strikes out swinging
Top of the 5th over - 1 run, 2 hits, 0 errors, 1 left on base; Nashville 2 - Seattle 1
BOTTOM OF THE 5TH
Seattle Aviators batting - Pitching for Nashville Outlaws : RHP Ramón Molina
Batting: RHB Albert Zamudio 0-0: Called Strike
0-1: Ball
1-1: Ground out 5-3 (Groundball, 56S)
Batting: RHB Walt Miller 0-0: Ball
1-0: Foul Ball, location: 2F
1-1: Ground out 6-3 (Groundball, 6)
Batting: LHB Pedro Corona 0-0: Called Strike
0-1: Ball
1-1: Ball
2-1: Foul Ball, location: 2F
2-2: Ground out U3 (Groundball, 3)
Bottom of the 5th over - 0 runs, 0 hits, 0 errors, 0 left on base; Nashville 2 - Seattle 1
TOP OF THE 6TH
Nashville Outlaws batting - Pitching for Seattle Aviators : LHP Wes Hamm
Batting: RHB Arnold Giroux 0-0: Ball
1-0: DOUBLE (Flyball, 89D)
Batting: RHB Scott Donlan 0-0: Intentional Walk
Batting: LHB Bora Garasanin 0-0: Ball
1-0: Ball
2-0: Ball
3-0: Called Strike
3-1: Base on Balls
Arnold Giroux to third
Scott Donlan to second
Batting: LHB Nathan Tanner 0-0: Ball
1-0: Foul Ball, location: 2F
1-1: Ball
2-1: Fly out, F8 (Flyball, 8RXD)
Runner from 3rd tags up, SCORES, no throw
Batting: RHB Greg Schiff 0-0: Called Strike
0-1: Ball
1-1: Called Strike
1-2: Ground out 6-3 (Groundball, 6S)
Scott Donlan to third
Bora Garasanin to second
Batting: LHB Juan Caro 0-0: Called Strike
0-1: Ball
1-1: Ball
2-1: Swinging Strike
2-2: Ball
3-2: Ground out 4-3 (Groundball, 34)
Top of the 6th over - 1 run, 1 hit, 0 errors, 2 left on base; Nashville 3 - Seattle 1
BOTTOM OF THE 6TH
Seattle Aviators batting - Pitching for Nashville Outlaws : RHP Ramón Molina
Batting: LHB Del Truscott 0-0: SINGLE (Groundball, 34S) (infield hit)
Batting: SHB Nuygen Vuong 0-0: Called Strike
0-1: Ball
1-1: Reached on error, E2 (Groundball, 2L)
Del Truscott to third
Batting: SHB Paul Wite 0-0: Called Strike
0-1: Foul Ball, location: 2F
0-2: Ball
1-2: SINGLE (Line Drive, 9S)
Del Truscott scores
Nuygen Vuong to third
Batting: LHB Kenny Webster 0-0: SINGLE (Groundball, 56D)
Nuygen Vuong scores
Paul Wite to second
Batting: RHB Arlen Joysey 0-0: Called Strike
0-1: Called Strike
0-2: Fly out, F7 (Flyball, 7)
Batting: LHB Yataro Kodo 0-0: Foul Ball, location: 2F
0-1: Ball
1-1: Foul Ball, location: 2F
1-2: Ball
2-2: Ball
3-2: Base on Balls
Paul Wite to third
Kenny Webster to second
Batting: RHB Albert Zamudio 0-0: Called Strike
0-1: Foul Ball, location: 2F
0-2: Strikes out looking
Batting: RHB Walt Miller 0-0: Ball
1-0: Ball
2-0: Fly out, F9 (Flyball, 9LMF)
Bottom of the 6th over - 2 runs, 3 hits, 1 error, 3 left on base; Nashville 3 - Seattle 3
TOP OF THE 7TH
Nashville Outlaws batting - Pitching for Seattle Aviators : LHP Wes Hamm
Batting: RHB Elia Amberezzio 0-0: Foul Ball, location: 2F
0-1: SINGLE (Groundball, 34S) (infield hit)
Pinch Hitting: RHB Jerry Yates 0-0: Ball
1-0: Sac Bunt - play at first, batter OUT! 1-4
Elia Amberezzio to second
Batting: LHB Mario Ramos 0-0: Ball
1-0: Swinging Strike
1-1: Ball
2-1: Foul Ball, location: 2F
2-2: Foul Ball, location: 2F
2-2: Foul Ball, location: 2F
2-2: Foul Ball, location: 2F
2-2: Foul Ball, location: 2F
2-2: Strikes out swinging
Pitching: LHP Jesús Tejeda
Batting: RHB Arnold Giroux 0-0: Ball
1-0: Ground out 5-3 (Groundball, 56S)
Top of the 7th over - 0 runs, 1 hit, 0 errors, 1 left on base; Nashville 3 - Seattle 3
BOTTOM OF THE 7TH
Seattle Aviators batting - Pitching for Nashville Outlaws : RHP Ramón Molina
Now at SS: Jordan Hollins
Batting: LHB Pedro Corona 0-0: Called Strike
0-1: Called Strike
0-2: Foul Ball, location: 2F
0-2: Ball
1-2: Reached on error, E5 (Groundball, 5)
Batting: LHB Del Truscott 0-0: Called Strike
0-1: Ground out 1-3 (Groundball, P)
Pedro Corona to third
Batting: SHB Nuygen Vuong 0-0: Ball
1-0: Ball
2-0: Ball
3-0: Base on Balls
Batting: SHB Paul Wite 0-0: Ball
1-0: Ball
2-0: Foul Ball, location: 2F
2-1: Foul Ball, location: 2F
2-2: SINGLE (Line Drive, 6D)
Pedro Corona scores
Nuygen Vuong to second
Batting: LHB Kenny Webster 0-0: Grounds into double play, 6-4-3 (Groundball, 6)
Bottom of the 7th over - 1 run, 1 hit, 1 error, 1 left on base; Nashville 3 - Seattle 4
TOP OF THE 8TH
Nashville Outlaws batting - Pitching for Seattle Aviators : LHP Jesús Tejeda
Now in RF: Lester Kwiatkowski
Batting: RHB Scott Donlan 0-0: Swinging Strike
0-1: Ball
1-1: Fly out, F8 (Flyball, 78M)
Batting: LHB Bora Garasanin 0-0: Ball
1-0: Ball
2-0: Swinging Strike
2-1: Ground out 6-3 (Groundball, 6M)
Batting: LHB Nathan Tanner 0-0: Ball
1-0: Foul Ball, location: 2F
1-1: Swinging Strike
1-2: Foul Ball, location: 2F
1-2: Ball
2-2: Strikes out swinging
Top of the 8th over - 0 runs, 0 hits, 0 errors, 0 left on base; Nashville 3 - Seattle 4
BOTTOM OF THE 8TH
Seattle Aviators batting - Pitching for Nashville Outlaws : RHP Ramón Molina
Batting: RHB Arlen Joysey 0-0: Swinging Strike
0-1: Ball
1-1: Ball
2-1: Foul Ball, location: 2F
2-2: Strikes out swinging
Batting: LHB Yataro Kodo 0-0: Ball
1-0: Swinging Strike
1-1: Fly out, F7 (Flyball, 78S)
Batting: RHB Lester Kwiatkowski 0-0: Called Strike
0-1: Foul Ball, location: 2F
0-2: Ball
1-2: Ball
2-2: Ball
3-2: Base on Balls
Pitching: RHP Gustavo López
Batting: RHB Walt Miller 0-0: Called Strike
0-1: Ball
1-1: Foul Ball, location: 2F
1-2: Strikes out looking
Bottom of the 8th over - 0 runs, 0 hits, 0 errors, 1 left on base; Nashville 3 - Seattle 4
TOP OF THE 9TH
Nashville Outlaws batting - Pitching for Seattle Aviators : LHP Jesús Tejeda
Pitching: LHP Holden Rosen Grupp
Batting: RHB Greg Schiff 0-0: Ball
1-0: Swinging Strike
1-1: Foul Ball, location: 2F
1-2: Strikes out swinging
Batting: LHB Juan Caro 0-0: Called Strike
0-1: Ball
1-1: Ball
2-1: Ground out 6-3 (Groundball, 6)
Batting: RHB Elia Amberezzio 0-0: Ball
1-0: Swinging Strike
1-1: Ball
2-1: Ball
3-1: Base on Balls
Batting: RHB Jordan Hollins 0-0: Ball
1-0: Called Strike
1-1: Ball
2-1: Swinging Strike
2-2: Strikes out swinging
Top of the 9th over - 0 runs, 0 hits, 0 errors, 1 left on base; Nashville 3 - Seattle 4
Friday, March 29th, 2019 - OOTP Baseball 18.8 Build 76